General information
- name: BNet
- type: Ladder team game (AT/RT)
- host: Battle.net
- saver: THE-WARRIOR
map: Deadlock
- players: 8
- length: 21:45
- speed: Fast
- version: 1.26 W3XP
- replay type: Public
» download(103 KB)
Players
team 1 (loser)
ImVeryNoob (
yellow | 72 APM | 1392 actions | 19:26)
4 Death Knight
2 Death Coil
2 Unholy Aura
1 Crypt Lord
1 Spiked Carapace
2 Lich
1 Frost Armor
1 Frost Nova
» actions
| Assign group hotkey | 30 | |
| Basic commands | 137 | |
| Build / train | 54 | |
| Enter build submenu | 12 | |
| Enter hero's abilities submenu | 7 | |
| Right click | 721 | |
| Select / deselect | 197 | |
| Select group hotkey | 195 | |
| Use ability | 39 | |
1392 total
» units
| Acolyte | 2 | |
| Ghoul | 2 | |
| Crypt Fiend | 33 | |
37 total
» upgrades
» buildings
| Crypt | 1 | |
| Graveyard | 1 | |
| Altar of Darkness | 1 | |
| Ziggurat | 7 | |
| Tomb of Relics | 1 | |
| Halls of the Dead | 1 | |
| Black Citadel | 1 | |
13 total
» build order
00:11 Crypt
00:16 Graveyard
00:45 Altar of Darkness
01:01 Ziggurat
01:29 Tomb of Relics
01:47 Ziggurat
03:29 Ziggurat
05:41 Halls of the Dead
07:21 Ziggurat
07:25 Ziggurat
09:42 Black Citadel
13:19 Ziggurat
13:22 Ziggurat
» items
| Rod of Necromancy | 1 | |
| Orb of Lightning | 1 | |
| Potion of Healing | 2 | |
4 total
BloodyVaJayJay (
red | 49 APM | 966 actions | 19:32)
3 Blademaster
1 Wind Walk
2 Critical Strike
3 Shadow Hunter
1 Hex
2 Healing Wave
» actions
| Assign group hotkey | 14 | |
| Basic commands | 21 | |
| Build / train | 51 | |
| Enter build submenu | 20 | |
| Enter hero's abilities submenu | 6 | |
| Give item / drop item | 1 | |
| Right click | 187 | |
| Select / deselect | 161 | |
| Select group hotkey | 447 | |
| Use ability | 58 | |
966 total
» units
| Peon | 9 | |
| Troll Witch Doctor | 3 | |
| Tauren | 7 | |
| Shaman | 4 | |
| Troll Headhunter/Berserker | 3 | |
26 total
» upgrades
| Witch Doctor Training | 2 | |
| Shaman Training | 2 | |
| Pulverize | 1 | |
| Melee Weapons | 2 | |
| Armor | 1 | |
| Berserker Upgrade | 1 | |
9 total
» buildings
| Altar of Storms | 1 | |
| Orc Burrow | 8 | |
| War Mill | 1 | |
| Stronghold | 1 | |
| Watch Tower | 1 | |
| Voodoo Lounge | 1 | |
| Fortress | 1 | |
| Spirit Lodge | 2 | |
| Tauren Totem | 2 | |
| Barracks | 2 | |
| Great Hall | 1 | |
21 total
» build order
00:07 Altar of Storms
00:15 Orc Burrow
00:52 War Mill
01:45 Orc Burrow
02:21 Stronghold
02:45 Orc Burrow
02:58 Watch Tower
04:27 Voodoo Lounge
04:44 Fortress
05:32 Spirit Lodge
06:01 Spirit Lodge
06:24 Orc Burrow
07:13 Tauren Totem
07:16 Tauren Totem
10:30 Orc Burrow
12:45 Orc Burrow
13:40 Orc Burrow
14:56 Barracks
15:37 Orc Burrow
16:13 Barracks
17:17 Great Hall
» items
| Healing Salve | 1 | |
| Lesser Clarity Potion | 1 | |
| Scroll of Speed | 1 | |
3 total

»
sureinoabaggins (
green | 30 APM | 615 actions | 20:44)
5 Warden
3 Shadow Strike
2 Fan of Knives
» actions
| Assign group hotkey | 13 | |
| Basic commands | 51 | |
| Build / train | 46 | |
| Enter build submenu | 9 | |
| Enter hero's abilities submenu | 5 | |
| Remove unit from queue | 3 | |
| Right click | 120 | |
| Select / deselect | 144 | |
| Select group hotkey | 185 | |
| Use ability | 39 | |
615 total
» units
| Wisp | 11 | |
| Archer | 7 | |
| Druid of the Claw | 8 | |
26 total
» upgrades
| Strength of the Wild | 3 | |
| Reinforced Hides | 3 | |
| Druid of the Claw Training | 2 | |
| Mark of the Claw | 1 | |
9 total
» buildings
| Altar of Elders | 1 | |
| Moon Well | 5 | |
| Ancient of War | 1 | |
| Hunter's Hall | 1 | |
| Tree of Ages | 1 | |
| Tree of Eternity | 1 | |
| Ancient of Lore | 2 | |
12 total
» build order
00:06 Altar of Elders
00:08 Moon Well
00:51 Ancient of War
01:44 Moon Well
02:54 Moon Well
03:39 Hunter's Hall
04:29 Tree of Ages
05:40 Moon Well
06:54 Tree of Eternity
06:57 Ancient of Lore
06:58 Ancient of Lore
08:04 Moon Well
THE-WARRIOR (
teal | 50 APM | 1081 actions | 21:45)
4 Paladin
2 Holy Light
2 Divine Shield
» actions
| Assign group hotkey | 14 | |
| Basic commands | 73 | |
| Build / train | 56 | |
| Enter build submenu | 17 | |
| Enter hero's abilities submenu | 4 | |
| Give item / drop item | 2 | |
| Right click | 389 | |
| Select / deselect | 121 | |
| Select group hotkey | 347 | |
| Use ability | 58 | |
1081 total
» units
» upgrades
| Masonry | 3 | |
| Lumber Harvesting | 1 | |
| Animal War Training | 1 | |
| Swords | 2 | |
| Armor | 1 | |
8 total
» buildings
| Altar of Kings | 1 | |
| Farm | 9 | |
| Scout Tower | 7 | |
| Arcane Tower | 2 | |
| Keep | 1 | |
| Lumber Mill | 1 | |
| Arcane Vault | 1 | |
| Guard Tower | 3 | |
| Castle | 1 | |
| Gryphon Aviary | 4 | |
| Barracks | 1 | |
| Blacksmith | 1 | |
| Town Hall | 1 | |
33 total
» build order
00:12 Altar of Kings
00:21 Farm
01:21 Scout Tower
01:46 Farm
01:49 Arcane Tower
02:16 Keep
02:23 Arcane Tower
02:30 Lumber Mill
02:38 Arcane Vault
03:14 Scout Tower
03:16 Scout Tower
03:17 Scout Tower
03:18 Scout Tower
04:10 Guard Tower
04:50 Castle
05:01 Guard Tower
05:45 Gryphon Aviary
06:15 Gryphon Aviary
06:26 Farm
06:27 Farm
06:27 Farm
06:28 Farm
06:30 Farm
06:30 Farm
06:31 Farm
09:15 Barracks
09:52 Blacksmith
11:26 Town Hall
11:48 Scout Tower
11:48 Scout Tower
12:12 Gryphon Aviary
12:12 Gryphon Aviary
12:49 Guard Tower
» items
| Lesser Clarity Potion | 2 | |
| Staff of Teleportation | 1 | |
| Tiny Great Hall | 1 | |
| Scroll of Regeneration | 2 | |
| Orb of Fire | 1 | |
| Scroll of Town Portal | 2 | |
9 total
team 2 (winner)
malau1995 (
orange | 0 APM | 0 actions | 21:45)
Sorrry-Snatch (
purple | 68 APM | 1478 actions | 21:45)
4 Archmage
2 Blizzard
2 Brilliance Aura
2 Blademaster
1 Wind Walk
1 Critical Strike
» actions
| Assign group hotkey | 16 | |
| Build / train | 113 | |
| Enter build submenu | 31 | |
| Enter hero's abilities submenu | 6 | |
| Remove unit from queue | 9 | |
| Right click | 545 | |
| Select / deselect | 205 | |
| Select group hotkey | 504 | |
| Use ability | 49 | |
1478 total
» units
| Peasant | 26 | |
| Flying Machine | 33 | |
| Peon | 5 | |
| Tauren | 5 | |
| Shaman | 2 | |
71 total
» upgrades
| Masonry | 0 | |
| Lumber Harvesting | 2 | |
| Melee Weapons | 3 | |
| Gunpowder | 3 | |
| Plating | 1 | |
| Flak Cannons | 1 | |
| Armor | 1 | |
| Shaman Training | 2 | |
| Flying Machine Bombs | 1 | |
| Pulverize | 1 | |
15 total
» buildings
| Altar of Kings | 1 | |
| Farm | 11 | |
| Lumber Mill | 1 | |
| Arcane Vault | 1 | |
| Keep | 1 | |
| Town Hall | 2 | |
| Stronghold | 1 | |
| Blacksmith | 1 | |
| Scout Tower | 3 | |
| Guard Tower | 1 | |
| Orc Burrow | 5 | |
| Workshop | 2 | |
| Fortress | 3 | |
| Castle | 1 | |
| Spirit Lodge | 1 | |
| Tauren Totem | 2 | |
37 total
» build order
00:06 Altar of Kings
00:20 Farm
00:54 Lumber Mill
00:59 Farm
01:13 Arcane Vault
01:37 Farm
02:23 Farm
03:34 Keep
04:13 Town Hall
05:06 Stronghold
05:15 Blacksmith
05:18 Scout Tower
05:20 Scout Tower
05:22 Scout Tower
05:55 Guard Tower
06:14 Orc Burrow
06:40 Workshop
06:45 Workshop
06:54 Farm
07:26 Fortress
07:27 Fortress
07:27 Fortress
07:31 Orc Burrow
07:37 Castle
07:56 Orc Burrow
08:02 Farm
08:37 Orc Burrow
08:50 Farm
09:02 Orc Burrow
09:19 Spirit Lodge
09:33 Farm
09:51 Tauren Totem
09:54 Tauren Totem
10:13 Farm
10:54 Farm
11:35 Farm
17:04 Town Hall
» items
kimmer (
blue | 35 APM | 411 actions | 11:50)
4 Mountain King
2 Storm Bolt
1 Bash
1 Thunder Clap
1 Far Seer
1 Chain Lighting
» actions
| Assign group hotkey | 4 | |
| Build / train | 49 | |
| Enter build submenu | 25 | |
| Enter hero's abilities submenu | 5 | |
| Remove unit from queue | 1 | |
| Right click | 171 | |
| Select / deselect | 112 | |
| Select group hotkey | 1 | |
| Use ability | 43 | |
411 total
» units
| Peasant | 15 | |
| Footman | 8 | |
| Grunt | 4 | |
| Peon | 3 | |
| Rifleman | 3 | |
33 total
» upgrades
| Long Rifles | 1 | |
| Armor | 1 | |
| Gunpowder | 1 | |
3 total
» buildings
| Altar of Kings | 1 | |
| Barracks | 2 | |
| Farm | 9 | |
| Lumber Mill | 1 | |
| Town Hall | 1 | |
| Keep | 1 | |
| Scout Tower | 7 | |
| Guard Tower | 3 | |
| Blacksmith | 1 | |
| Orc Burrow | 2 | |
| War Mill | 1 | |
| Castle | 1 | |
| Stronghold | 1 | |
31 total
» build order
00:29 Altar of Kings
00:46 Barracks
01:00 Farm
01:16 Farm
01:47 Farm
02:19 Farm
02:33 Lumber Mill
02:38 Farm
04:57 Town Hall
06:14 Barracks
06:25 Keep
06:39 Scout Tower
06:40 Scout Tower
06:42 Scout Tower
06:50 Scout Tower
06:50 Scout Tower
06:51 Scout Tower
06:53 Scout Tower
07:11 Guard Tower
07:21 Blacksmith
07:27 Keep
07:30 Guard Tower
08:01 Orc Burrow
08:04 Orc Burrow
08:10 War Mill
08:13 Guard Tower
08:22 Farm
08:47 Castle
09:16 Stronghold
09:29 Farm
10:06 Farm
10:11 Farm
al-Ma7e (
pink | 51 APM | 217 actions | 04:15)
1 Far Seer
1 Feral Spirit
» actions
| Assign group hotkey | 5 | |
| Build / train | 19 | |
| Enter build submenu | 13 | |
| Enter hero's abilities submenu | 1 | |
| Right click | 66 | |
| Select / deselect | 86 | |
| Select group hotkey | 13 | |
| Use ability | 14 | |
217 total
» units
» buildings
| Altar of Storms | 2 | |
| Barracks | 2 | |
| Orc Burrow | 5 | |
| War Mill | 2 | |
11 total
» build order
00:27 Altar of Storms
00:33 Barracks
00:35 Orc Burrow
00:44 Orc Burrow
00:46 Barracks
01:16 Orc Burrow
01:35 Orc Burrow
02:17 Altar of Storms
02:40 War Mill
03:05 Orc Burrow
03:08 War Mill
Chat log
(00:26 / Allies) ImVeryNoob: rush?
(00:28 / Allies) sureinoabaggins: rush?
(00:32 / All) THE-WARRIOR: sure i know a baggins, frodo baggins!
(00:40 / All) sureinoabaggins: :0
(00:43 / Allies) sureinoabaggins: yea
(00:49 / Allies) THE-WARRIOR: just watched all 3 movies last week
(00:55 / Allies) sureinoabaggins: nice XD
(01:58 / Allies) sureinoabaggins: archers then bears after rush
(03:09 / Allies) sureinoabaggins: they rushing to i guess
(03:20 / Allies) ImVeryNoob: meet
(04:19 / Allies) sureinoabaggins: why tech when we said rush lol
(06:17 / Allies) THE-WARRIOR: wood
(07:37 / Allies) ImVeryNoob: hit again
(08:14 / Allies) BloodyVaJayJay: SPARE WOOD?
(08:44 / Allies) ImVeryNoob: alll
(09:39 / Allies) BloodyVaJayJay: WOOD?
(10:17 / Allies) sureinoabaggins: come teal
(10:35 / Allies) THE-WARRIOR: coming
(10:42 / Allies) sureinoabaggins: wait red
(10:57 / Allies) sureinoabaggins: teal wtf r u doing
(13:17 / Allies) sureinoabaggins: i got this one
(13:41 / 6) THE-WARRIOR: u here?
(13:43 / 6) THE-WARRIOR: im gonna tk
(13:50 / 6) THE-WARRIOR: if you confirm u understand
(13:57 / 6) THE-WARRIOR: b
(13:57 / 6) THE-WARRIOR: b
(14:03 / 6) THE-WARRIOR: oops
(14:07 / 6) THE-WARRIOR: do u understand purp
(14:11 / 6) THE-WARRIOR: i will tk my team
(14:12 / All) Sorrry-Snatch: sure
(14:23 / 6) THE-WARRIOR: do not leave i have the only expos i will kill my base after i get them
(14:31 / All) sureinoabaggins: Gg
(14:34 / All) THE-WARRIOR: wood plz
(14:52 / Allies) sureinoabaggins: lol
(15:15 / All) THE-WARRIOR: im doing it now purp
(16:06 / Allies) BloodyVaJayJay: WHY THE FUCK U ATTAKCIN ME
(16:11 / All) THE-WARRIOR: LAWL
(16:12 / All) THE-WARRIOR: F U RED
(16:26 / All) THE-WARRIOR: GO NEXT BASE purp lawl
(17:02 / All) THE-WARRIOR: skip mine ill kill after
(17:03 / Allies) sureinoabaggins: teal go help my base ffs
(17:38 / Allies) sureinoabaggins: wtf you fucking faggot
(17:55 / All) THE-WARRIOR: good job purple
(17:58 / All) THE-WARRIOR: im finishing them off now
(17:59 / All) THE-WARRIOR: u did great
(18:00 / All) THE-WARRIOR: : )
(18:02 / Allies) sureinoabaggins: i hope you fucking die in real life you peioce of fuckign shit
(18:06 / All) THE-WARRIOR: lawl
(18:08 / All) THE-WARRIOR: f u green
(18:22 / All) sureinoabaggins: no seriously
(18:27 / All) sureinoabaggins: i hope you fuckign die
(18:30 / All) sureinoabaggins: you fuckign faggot
(19:13 / All) THE-WARRIOR: ill finish red off
(19:28 / Allies) BloodyVaJayJay: U ARE A FUCKING LOSE
(19:30 / All) THE-WARRIOR: lawl
(19:34 / All) THE-WARRIOR: that is bad english
(19:40 / All) sureinoabaggins: fuck you you faggot
(19:48 / All) THE-WARRIOR: FRODO BAGGINS!
(19:50 / All) THE-WARRIOR: SURE I KNOW FRODO
(19:54 / All) sureinoabaggins: stupid fucking peice of shit
(20:11 / All) THE-WARRIOR: green why u mad at me
(20:14 / All) sureinoabaggins: i really hope you get to watch your whole fucking familly die in front of you while some nigger rapes them
(20:25 / All) THE-WARRIOR: green that is wrong
(20:28 / All) THE-WARRIOR: real wrong
(20:37 / All) sureinoabaggins: i really truly hope that happends to you you peice of shit
(20:46 / All) THE-WARRIOR: lawl
(20:49 / All) THE-WARRIOR: good job purple
(20:54 / All) THE-WARRIOR: we made a great team
(21:14 / All) THE-WARRIOR: did you think i was lieing when i said i would tk them?
(21:23 / All) Sorrry-Snatch: not sure
(21:29 / All) THE-WARRIOR: i just needed time
(21:30 / All) Sorrry-Snatch: didnt rly matter it was my only shot haha
(21:32 / All) THE-WARRIOR: ur towers helped me a lot